AoeStats
← Splujer

MegaRandom

509884471Analyzed
2v2 RM · 4d ago on Sep 28, 2026· 55m 46s· 4 players
Game mode
Random Map
Map size
Medium (4 player)
Population
200
Speed
Normal
Resources
Standard
Victory
Conquest
Starting age
Dark Age
Ending age
Imperial Age
RankedLock teamsTeams togetherTeam positionsShared explorationLock speedFull tech treeHidden civsTurbo modeCheats
Victory
Defeat
🇫🇷 Koreans · France
593
+17
🇹🇷 Burmese · Türkiye
583
+17
🇺🇸 Dravidians · United States
640
-29
🇨🇦 Persians · Canada
576
-16
Splujer
1:37 Loom
16:00 Feudal Age
17:01 Horse Collar
17:32 Double-Bit Axe
18:27 Wheelbarrow
17:38 Town Watch
27:01 Castle Age
28:03 Heavy Plow
28:17 Bow Saw
28:56 Murder Holes
29:22 Ballistics
34:36 Imperial Age
32:52 Squires
32:13 Pikeman
32:40 Arson
32:19 Elite Skirmisher
35:51 Hand Cart
35:38 Town Patrol
36:16 Conscription
36:56 Fletching
37:17 Forging
37:08 Scale Mail Armor
36:51 Treadmill Crane
38:27 Two-Man Saw
38:19 Fervor
38:30 Sanctity
38:13 Arrowslits
40:07 Masonry
40:59 Chemistry
43:15 Light Cavalry
43:56 Husbandry
44:00 Gold Mining
46:58 Iron Casting
46:39 Chain Mail Armor
46:22 Bodkin Arrow
46:33 Scale Barding Armor
46:48 Halberdier
48:26 Eupseong
49:02 Architecture
48:44 Fortified Wall
48:40 Siege Engineers
49:09 Plate Mail Armor
48:10 Hussar
48:23 Heavy Rocket Cart
48:25 Capped Ram
52:20 Thumb Ring
53:07 Bracer
53:28 Chain Barding Armor
53:17 Caravan
53:28 Guilds
The kantinci
17:17 Feudal Age
22:43 Castle Age
21:00 Gold Mining
21:25 Forging
21:12 Arson
21:53 Man-at-Arms
23:49 Scale Mail Armor
24:56 Chain Mail Armor
25:17 Iron Casting
24:35 Long Swordsman
25:03 Gambesons
25:24 Squires
26:41 Stone Mining
28:20 Gold Shaft Mining
30:17 Horse Collar
31:26 Wheelbarrow
33:23 Hand Cart
33:16 Heavy Plow
35:54 Imperial Age
33:19 Treadmill Crane
33:13 Pikeman
36:09 Fletching
36:21 Padded Archer Armor
36:26 Scale Barding Armor
37:36 Ballistics
38:17 Chemistry
37:24 Siege Engineers
37:56 Plate Mail Armor
38:26 Blast Furnace
37:22 Bodkin Arrow
38:31 Two-Handed Swordsman
39:36 Manipur Cavalry
39:58 Conscription
40:24 Elite Arambai
43:56 Loom
46:07 Bracer
46:41 Chain Barding Armor
46:21 Halberdier
SweatyMalaka330
0:30 Loom
14:44 Feudal Age
15:41 Horse Collar
22:05 Castle Age
20:14 Double-Bit Axe
20:57 Forging
20:57 Scale Barding Armor
20:54 Scale Mail Armor
21:50 Fletching
23:19 Husbandry
23:44 Chain Barding Armor
23:34 Gold Mining
24:38 Iron Casting
28:22 Squires
30:57 Bow Saw
36:57 Bodkin Arrow
46:52 Imperial Age
47:16 Siege Elephant
48:52 Bracer
50:36 Blast Furnace
52:59 Ballistics
FortifiedChicken
Connection lost

Rejoining the realm…

Still unreachable

The connection could not be restored.

Session expired

The server has moved on; the page needs a fresh start.